 Dungeon Crawl Stone Soup version 0.31-a0-590-g8a5a4361df (webtiles) character file.

Game seed: 16885035061440034072

77 Gelion the Changeling (level 4, -2/29 HPs)
             Began as an Octopode Shapeshifter on Aug 19, 2023.
             Slain by an orc
             ... wielding a +0 hand axe
              (4 damage)
             ... on level 3 of the Dungeon.
             The game lasted 00:03:32 (1788 turns).

Gelion the Changeling (Octopode Shapeshifter)       Turns: 1788, Time: 00:03:33

Health: -2/29      AC:  1    Str: 14    XL:     4   Next: 33%
Magic:  4/4        EV: 13    Int: 10    God:
Gold:   53         SH:  0    Dex: 14    Spells: 3/3 levels left

rFire   . .          .
                       - Unarmed
rCold   . . .        (no shield)
rNeg    . . .        (helmet currently unavailable)
rPois   .            (no amulet)
rElec   .            (no ring)
rCorr   .            (no ring)
SInv    .            (no ring)
Will    .....        (no ring)
Stlth   ++           (no ring)
HPRegen 0.24/turn    (no ring)
MPRegen 0.09/turn    (no ring)
                     (no ring)

%: no passive effects
@: beast-form
A: beast (slay +2), almost no armour, amphibious, 8 rings, camouflage 1,
gelatinous body 1, (nimble swimmer 1), tentacles
a: Begin Untransformation


You were on level 3 of the Dungeon.
You were a hulking beast.
You visited 1 branch of the dungeon, and saw 3 of its levels.

You collected 53 gold pieces.

Inventory:

Talismans
 b - a beast talisman (active)
 c - a flux talisman
Wands
 l - a wand of roots (5)
Scrolls
 f - 2 scrolls of identify
 h - a scroll of immolation {unknown}
Potions
 a - a potion of lignification
 d - a potion of berserk rage
 e - 2 potions of might
 g - 2 potions of attraction
 i - 2 potions of cancellation
 j - a potion of curing
 k - 2 potions of magic {unknown}


   Skills:
 + Level 2.1 Fighting
 - Level 2.0 Dodging
 + Level 3.5 Unarmed Combat
 * Level 3.8 Shapeshifting


You had 3 spell levels left.
You didn't know any spells.
Your spell library contained the following spells:

 Spells                   Type           Power      Damage    Failure   Level
 Lesser Beckoning         Tloc           0%         N/A       50%         2
 Static Discharge         Conj/Air       0%         2-2/arc   50%         2
 Gell's Gravitas          Tloc           0%         N/A       75%         3
 Teleport Other           Tloc           0%         N/A       75%         3
 Airstrike                Air            0%         2d(0-16)  98%         4
 Summon Lightning Spire   Summ/Air       0%         N/A       98%         4


Dungeon Overview and Level Annotations

Branches:
Dungeon (3/15)

Altars:


Innate Abilities, Weirdness & Mutations

You are a hulking beast.
Your limbs bulge with bestial killing power. (Slay +2)
You cannot wear most types of armour.
You are amphibious.
You can wear up to eight rings at the same time.
Your skin changes colour to match your surroundings (Stealth+).
Your rubbery body absorbs attacks. (AC +1, EV +1)
((You are camouflaged when in or above water. (Stealth+)))
You have tentacles for arms and can constrict up to eight enemies at once.


Message History

The helpless ball python fails to defend itself.
You bludgeon the ball python!
You kill the ball python!
The orc closely misses you.
You barely miss the orc. You grab the orc. You constrict the orc.
The orc hits you with a +0 hand axe.
You bludgeon the orc!
You kill the orc!
No target in view!
No target in view!
No target in view! 2 orcs come into view.
An orc is wielding a +1 whip of electrocution.
There are monsters nearby!
The endoplasm quivers.
The orc shouts!
An orc comes into view. It is wielding a +0 hand axe.
You see here a scroll labelled ROAZEO XYICAT.
The orc shouts!
You see here a scroll labelled NIOCVO TOYDAXT.
The orc shouts!
You tentacle-slap the endoplasm but do no damage.
You squeeze the endoplasm.
You kill the endoplasm!
You tentacle-slap the orc. You grab the orc.
The orc is almost dead.
You constrict the orc, but do no damage.
The orc barely misses you.
The orc hits you with a +1 whip of electrocution.
You are electrocuted!!
Ouch! That really hurt!
* * * LOW HITPOINT WARNING * * *
You release your grip on the orc.
The orc attacks as you move away! The orc misses you.
The orc attacks as you move away! The orc hits you with a +0 club.
* * * LOW HITPOINT WARNING * * *
Things that are here:
a +0 hand axe; an orc corpse The orc attacks as you move away!
The orc hits you with a +0 hand axe.
You die...

... ### .....# ...
..##>....# #..###.##.....#
#..#..........#
###.....†#(.#...#
#....#......#...### #
#.............(..#
##.#..#..........!#.#
#....o#h#......##.#.#
#..Kooo??.......#.... # #
#.....#.....#...#.#.#
#.##.........##.#..†...#.#
...#...!.#.##.#####..#.###.
#.##..........#.# #........
#..K...#...#.##.. #........
..#<...#.# .......#..####
..##.#.#.# .###.###...###


You could see 3 orcs and a kobold.

Vanquished Creatures
  3 worms
  3 dart slugs
  An orc (D:3)
  6 bats
  9 endoplasms
  3 giant cockroaches
  4 goblins
  6 hobgoblins
  3 jackals (D:2)
  2 quokkas
  6 ball pythons
  2 frilled lizards (D:1)
  3 kobolds (D:1)
  4 rats
55 creatures vanquished.

Notes
Turn   | Place    | Note
-------+----------+-------------------------------------------
     0 | D:1      | Gelion the Octopode Shapeshifter began the quest for the
                  | Orb.
     0 | D:1      | Reached XP level 1. HP: 13/13 MP: 1/1
   131 | D:1      | Reached XP level 2. HP: 18/18 MP: 2/2
   261 | D:1      | Found a faded altar of an unknown god.
   395 | D:1      | Reached XP level 3. HP: 23/23 MP: 3/3
  1472 | D:3      | Reached XP level 4. HP: 27/29 MP: 4/4
  1788 | D:3      | Slain by an orc

Illustrated notes

Levels and vault maps discovered:
D:1:      denvon_arrival_planthouse, layout_loops_ring,
          chequers_ecumenical_altar_simple
D:2:      layout_basic
D:3:      layout_basic

Skill      XL: |  1  2  3  4 |
---------------+-------------+-----
Fighting       | 2 |  2.1
Dodging        | |  2.0
Unarmed Combat | |  3.5
Shapeshifting  | |  3.8

Action                     |  1- 3 |  4- 6 || total
---------------------------+-------+-------++-------
  Melee: Unarmed           |    84 |    25 ||   109
         Constrict         |    19 |     5 ||    24
         Tentacles         |    15 |     2 ||    17
         Punch             |     3 |     1 ||     4
    Use: Scroll            |     7 |       ||     7
   Stab: Sleeping          |    10 |     2 ||    12
 Armour: Skin              |     6 |       ||     6
  Dodge: Dodged            |    49 |    12 ||    61

Table legend: (Time is in decaauts)
 A = Elapsed time spent in this place.
 B = Non-inter-level travel time spent in this place.
 C = Inter-level travel time spent in this place.
 D = Time resting spent in this place.
 E = Time spent auto-exploring this place.
 F = Levels seen in this place.
 G = Mean time per level.
                   A        B        C        D        E       F      G
               +--------+--------+--------+--------+--------+-----+--------+
         Total |   1780 |   1745 |     35 |     44 |   1379 |   3 |  593.3 |
       Dungeon |   1780 |   1745 |     35 |     44 |   1379 |   3 |  593.3 |
               +--------+--------+--------+--------+--------+-----+--------+

Top non-repeatable levels by time:
     D:2: 760 daAuts
     D:1: 700 daAuts
     D:3: 319 daAuts
